 Dungeon Crawl Stone Soup version 0.28-a0-1506-g3893175d92 (webtiles) character file.

Game seed: 10170573591176537373

67 leviel the Skirmisher (level 4, -2/60 HPs)
             Began as a Hill Orc Fighter on Jan 13, 2022.
             Slain by a gnoll (4 damage)
             ... on level 3 of the Dungeon.
             The game lasted 00:01:18 (1543 turns).

leviel the Skirmisher (Hill Orc Fighter)            Turns: 1543, Time: 00:01:19

Health: -2/60      AC: 22    Str: 20    XL:     4   Next: 16%
Magic:  4/4        EV:  2    Int:  8    God:
Gold:   75         SH:  4    Dex: 10    Spells: 3/3 levels left

rFire   . . .      SeeInvis .   a - +0 war axe
rCold   . . .      Faith    .   c - +0 buckler
rNeg    . . .      Spirit   .   (armour currently unavailable)
rPois   +          Reflect  .   (helmet currently unavailable)
rElec   .          Harm     .   (cloak currently unavailable)
rCorr   .          Rampage  .   (gloves currently unavailable)
Will    .....      NoTele   +   (boots currently unavailable)
Stlth   +.........              (no amulet)
HPRegen 0.20/turn               (no ring)
MPRegen 0.09/turn               (no ring)

@: tree-form, hasted, very quick
A: stationary, stasis, torment immunity, boosted hp
a: no special abilities


You were on level 3 of the Dungeon.
You were a tree.
You visited 1 branch of the dungeon, and saw 3 of its levels.

You collected 75 gold pieces.

Inventory:

Hand Weapons
 a - a +0 war axe (weapon)
Missiles
 j - 6 silver javelins (quivered)
Armour
 b - a +0 scale mail (melded)
 c - a +0 buckler (worn)
 f - a +0 pair of gloves (melded)
Scrolls
 h - a scroll of fear {unknown}
 k - a scroll of identify {unknown}
Potions
 d - a potion of might


   Skills:
 + Level 4.2 Fighting
 + Level 3.6 Axes
 + Level 0.5 Throwing
 + Level 3.8 Armour
 + Level 3.8 Shields


You had 3 spell levels left.
You didn't know any spells.
Your spell library contained the following spells:

 Spells                   Type           Power      Damage    Failure   Level
 Airstrike                Air            0%         N/A       99%         4
 Summon Lightning Spire   Summ/Air       0%         N/A       99%         4
 Lightning Bolt           Conj/Air       0%         1d11      100%        5


Dungeon Overview and Level Annotations

Branches:
Dungeon (3/15)

Altars:


Message History

You are too injured to fight recklessly!
You are too injured to fight recklessly!
You are too injured to fight recklessly!
You are too injured to fight recklessly!
You hit the gnoll.
The gnoll is moderately wounded.
You barely miss the gnoll. You hit the gnoll. You block the gnoll's attack.
The gnoll hits you with a +0 spear. The gnoll misses you.
You barely miss the gnoll.
The gnoll is moderately wounded.
You hit the gnoll but do no damage. You hit the gnoll.
The gnoll hits you but does no damage. You block the gnoll's attack.
The gnoll hits you but does no damage.
You barely miss the gnoll.
The gnoll is moderately wounded.
You hit the gnoll but do no damage. You hit the gnoll.
The gnoll hits you with a +0 spear. The gnoll hits you but does no damage.
The gnoll hits you with a +0 flail.
* * * LOW HITPOINT WARNING * * *
The gnoll closely misses you. The gnoll hits you with a +0 club.
* * * LOW HITPOINT WARNING * * *
The gnoll barely misses you.
It was a potion of haste.
You feel yourself speed up. The gnoll misses you. The gnoll barely misses you.
The gnoll hits you with a +0 flail.
* * * LOW HITPOINT WARNING * * *
It was a potion of flight.
You feel very buoyant.
You fly up into the air.
It was a potion of lignification.
You turn into a tree.
Your +0 pair of gloves melds into your body.
Your +0 scale mail melds into your body.
Your roots penetrate the ground.
The gnoll hits you with a +0 club.
* * * LOW HITPOINT WARNING * * *
The gnoll hits you but does no damage. The gnoll hits you with a +0 flail.
* * * LOW HITPOINT WARNING * * *
You closely miss the gnoll.
The gnoll is moderately wounded.
You closely miss the gnoll. You barely miss the gnoll.
The gnoll hits you but does no damage. The gnoll hits you with a +0 spear.
You die...

....######.#.####
....## #.#....# ..#..
#.####.# ..#.####
#.#<.#.# ..#<...#
#......#
.....#...#.##.###
.###.## ##......# .#
#..####..#...#+##### .#
#........###.♣g....#
#####.###.....+.gg....#
..)....##..####.......#
.####..##..# #.......#
.#.........# #.......#
.#....#.#..# #.......#
.######.##.# #.......#
...........# #.......#
#######..#.#


You could see 3 gnolls.

Vanquished Creatures
  An iguana (D:3)
  An adder (D:2)
  A dart slug (D:2)
  An orc (D:3)
  5 ball pythons
  A bat (D:2)
  2 endoplasms
  3 giant cockroaches
  4 goblins (D:2)
  A hobgoblin (D:2)
  A frilled lizard (D:3)
  3 kobolds
  A rat (D:3)
25 creatures vanquished.

Notes
Turn   | Place    | Note
-------+----------+-------------------------------------------
     0 | D:1      | leviel the Hill Orc Fighter began the quest for the Orb.
     0 | D:1      | Reached XP level 1. HP: 19/19 MP: 1/1
   280 | D:1      | You fall into a shaft and drop 1 floor!
   359 | D:2      | Reached XP level 2. HP: 24/27 MP: 2/2
   669 | D:2      | Reached skill level 4 in Fighting
   773 | D:2      | Reached XP level 3. HP: 28/33 MP: 3/3
  1239 | D:3      | Reached XP level 4. HP: 17/40 MP: 4/4
  1542 | D:3      | HP: 2/60 [gnoll (3)]
  1543 | D:3      | Slain by a gnoll

Illustrated notes

Levels and vault maps discovered:
D:1:      minmay_arrival_three_doors, layout_basic,
          shapermc_ecumenical_altar_ellora
D:2:      layout_loops_ring, serial_bayou_pond_c, minmay_box_of_dots
D:3:      layout_basic, hangedman_decor_peaks_small

Skill      XL: |  1  2 |
---------------+-------+-----
Axes           | 3 |  3.6
Fighting       | 4 |  4.2
Throwing       | |  0.5
Armour         | |  3.8
Shields        | |  3.8

Action                   |  1- 3 |  4- 6 || total
-------------------------+-------+-------++-------
Melee: War axe           |    52 |    18 ||    70
  Use: Potion            |       |     3 ||     3
Armor: Scale mail        |    26 |     9 ||    35
       Skin              |       |     2 ||     2
Dodge: Dodged            |    26 |    14 ||    40
Block: Buckler           |    20 |     5 ||    25

Table legend: (Time is in decaauts)
 A = Elapsed time spent in this place.
 B = Non-inter-level travel time spent in this place.
 C = Inter-level travel time spent in this place.
 D = Time resting spent in this place.
 E = Time spent auto-exploring this place.
 F = Levels seen in this place.
 G = Mean time per level.
                   A        B        C        D        E       F      G
               +--------+--------+--------+--------+--------+-----+--------+
         Total |   1574 |   1542 |     32 |      0 |   1333 |   3 |  524.7 |
       Dungeon |   1574 |   1542 |     32 |      0 |   1333 |   3 |  524.7 |
               +--------+--------+--------+--------+--------+-----+--------+

Top non-repeatable levels by time:
     D:2: 850 daAuts
     D:3: 440 daAuts
     D:1: 283 daAuts
